 Dungeon Crawl Stone Soup version 0.19.0 (webtiles) character file.

247 PhynixH2O the Shield-Bearer (level 5, -2/48 HPs)
             Began as a Minotaur Fighter on Nov 1, 2016.
             Killed by divine providence
             ... invoked by an orc priest
              (13 damage)
             ... on level 4 of the Dungeon.
             The game lasted 00:13:33 (2219 turns).

PhynixH2O the Shield-Bearer (Minotaur Fighter)      Turns: 2219, Time: 00:13:33

Health: -2/48      AC:  7    Str: 26    XL:     5   Next: 85%
Magic:  4/4        EV:  8    Int:  5    God:
Gold:   180        SH: 10    Dex: 10    Spells: 0 memorised, 4 levels left

rFire  . . .     SeeInvis .     s - +0 morningstar (freeze)
rCold  . . .     Gourm    .     b - +0 scale mail
rNeg   . . .     Faith    .     c - +0 shield
rPois  .         Spirit   .     (helmet restricted)
rElec  .         Reflect  .     (no cloak)
rCorr  .         Harm     .     (no gloves)
MR     .....                    (no boots)
Stlth  ..........               (no amulet)
                                (no ring)
                                (no ring)

@: mighty
A: retaliatory headbutt, horns 2
a: no special abilities


You were on level 4 of the Dungeon.
You were not hungry.

You visited 1 branch of the dungeon, and saw 5 of its levels.

You collected 180 gold pieces.

Inventory:

Hand Weapons
 a - a +0 war axe
 s - a +0 morningstar of freezing (weapon)
Missiles
 v - 4 silver tomahawks (quivered)
Armour
 b - a +0 scale mail (worn)
 c - a +0 shield (worn)
Wands
 m - a wand of disintegration (15/24)
Scrolls
 i - a scroll of recharging {unknown}
 j - 3 scrolls of identify {unknown}
 n - a scroll of enchant armour {unknown}
 p - a scroll of immolation {unknown}
 q - a scroll of amnesia {unknown}
 t - 2 scrolls of teleportation {unknown}
 u - a scroll of remove curse {unknown}
 x - a scroll of enchant weapon {unknown}
Potions
 d - a potion of might
 e - a potion of cure mutation {unknown}
 g - a potion of curing {unknown}
 h - a potion of haste {unknown}
 k - a potion of berserk rage {unknown}
 z - a potion of resistance {unknown}
Comestibles
 f - 3 bread rations
 l - 2 slices of pizza
 o - a meat ration
 r - 8 chunks of flesh
 w - a royal jelly


   Skills:
 + Level 5.2 Fighting
 - Level 3.7(4.1) Axes
 + Level 2.4(3.4) Maces & Flails
 - Level 4.2 Armour
 + Level 5.3 Shields


You had 4 spell levels left.
You didn't know any spells.

Dungeon Overview and Level Annotations

Branches:
Dungeon (5/15)
 Temple: D:4-7

Altars:
Cheibriados
Elyvilon
Gozag
Nemelex Xobeh
Okawaru
Trog

Annotations:
D:2 Sigmund
D:4 Tyryt0's ghost, novice OpAs


Innate Abilities, Weirdness & Mutations

You reflexively headbutt those who attack you in melee.
You have a pair of horns on your head.


Message History

You butcher the worker ant corpse.
r - 7 chunks of flesh (gained 1);
r - 8 chunks of flesh (gained 1)
There is a stone staircase leading up, spattered with blood here.
Found a hunting sling and 14 stones.
j - 3 scrolls labeled CONNEO HOISO (gained 1)
An orc priest comes into view. It is wielding a hand axe.
The orc priest shouts!
Found a scroll labeled WUQEPUSEWN.
Found a stone staircase leading down.
A worker ant comes into view.
The worker ant twitches its antennae in your direction.
Found a war axe.
An ogre comes into view. It is wielding a giant spiked club.
Found a thick jewelled staff and an inky potion.
The orc priest invokes the aid of Beogh against you.
Beogh smites you!
* * * LOW HITPOINT WARNING * * *
The orc priest mumbles some strange prayers to Beogh against you.
Beogh smites you!
You die...

.... ######## ......
#......# ....... #......#
....?.. #......# ...$...
#......#
.......######......#
.....##............#
..?...'............#
.....#...a.@......# ..o.
#............########
|......o..).......)<......#
.....#.O...........######.#
.............#...##.
.....##......###.# .#
...>.........# #.# .# . ).
#.......# #.. .# #!.
+#####.. (. .#


You could see an ogre, a worker ant and an orc priest.

Vanquished Creatures
  A hound (D:4)
  An orc priest (D:4)
  A worker ant (D:4)
  Robin (D:3)
  3 adders
  An ooze (D:2)
  An adder skeleton (D:4)
  A worm (D:2)
  3 dart slugs
  3 leopard geckos
  10 orcs
  2 ball pythons
  10 giant cockroaches
  14 goblins
  6 hobgoblins
  12 jackals
  2 quokkas (D:3)
  7 bats
  7 frilled lizards
  3 kobolds
  6 rats
95 creatures vanquished.

Vanquished Creatures (others)
  A kobold (D:3)
1 creature vanquished.

Grand Total: 96 creatures vanquished

Notes
Turn   | Place    | Note
-------+----------+-------------------------------------------
     0 | D:1      | PhynixH2O the Minotaur Fighter began the quest for the Orb.
     0 | D:1      | Reached XP level 1. HP: 19/19 MP: 0/0
   118 | D:1      | Reached XP level 2. HP: 25/27 MP: 1/1
   748 | D:2      | Reached XP level 3. HP: 32/33 MP: 2/2
  1071 | D:2      | Reached XP level 4. HP: 40/40 MP: 3/3
  1251 | D:2      | Noticed Sigmund
  1343 | D:3      | Found a snail-covered altar of Cheibriados.
  1348 | D:3      | Found a bloodstained altar of Trog.
  1352 | D:3      | Found an iron altar of Okawaru.
  1386 | D:3      | Noticed Robin
  1422 | D:3      | Killed Robin
  1570 | D:3      | Found a white marble altar of Elyvilon.
  1639 | D:3      | Reached XP level 5. HP: 37/47 MP: 4/4
  1734 | D:3      | Found a sparkling altar of Nemelex Xobeh.
  1734 | D:3      | Found an opulent altar of Gozag.
  1888 | D:3      | Reached skill level 1 in Maces & Flails
  1991 | D:4      | Noticed Tyryt0's ghost (novice OpAs)
  2002 | D:5      | Entered Level 5 of the Dungeon
  2002 | D:5      | Noticed an ice beast
  2055 | D:3      | Upgraded the game from 0.19-b1-5-gdc9fa9d to 0.19.0
  2175 | D:4      | Reached skill level 5 in Fighting
  2175 | D:4      | Reached skill level 5 in Shields
  2214 | D:4      | Noticed an ogre
  2219 | D:4      | Killed from afar by an orc priest

Skill      XL: |  1  2  3  4  5 |
---------------+----------------+-----
Armour         | 4 |  4.2
Shields        | 4 5 |  5.3
Fighting       | 4 5 |  5.2
Axes           | 3 |  3.7
Maces & Flails | 2 |  2.4

Action                   |  1- 3 |  4- 6 || total
-------------------------+-------+-------++-------
Melee: War axe           |    88 |    49 ||   137
       Headbutt          |    10 |    15 ||    25
       Morningstar       |       |    62 ||    62
  Use: Potion            |       |     1 ||     1
  Eat: Chunk             |     1 |     4 ||     5
Armor: Scale mail        |    38 |    74 ||   112
Dodge: Dodged            |    30 |    40 ||    70
Block: Shield            |    47 |    85 ||   132
